 Dungeon Crawl Stone Soup version 0.31-a0-865-g3d5d91748a (webtiles) character file.

Game seed: 12420007636370292835

14420 croobank the Grappler (level 12, -1/82 HPs)
             Began as a Gnoll Shapeshifter on Oct 11, 2023.
             Was a High Priest of Hepliaklqana.
             Slain by a cane toad simulacrum (13 damage)
             ... in an ice cave.
             The game lasted 00:27:55 (11692 turns).

croobank the Grappler (Gnoll Shapeshifter)         Turns: 11692, Time: 00:27:55

Health: -1/82      AC:  5    Str: 14    XL:     12   Next: 16%
Magic:  0/22       EV: 20    Int: 14    God:    Hepliaklqana [*****.]
Gold:   353        SH:  0    Dex: 12    Spells: 20/25 levels left

rFire   + . .        u - +9 hand axe of the Dozen Teeth {venom, Stlth+}
rCold   . . .        (no shield)
rNeg    . . .        j - +2 leather armour {rF+}
rPois   .            (helmet currently unavailable)
rElec   .            (cloak currently unavailable)
rCorr   .            (gloves currently unavailable)
SInv    .            (boots currently unavailable)
Will    .....        H - amulet of guardian spirit
Stlth   ++++         k - +5 ring of evasion
HPRegen 0.33/turn    (no ring)
MPRegen 0.18/turn

%: guardian spirit
@: beast-form
A: beast (slay +4), reduced essence, fangs 1, strong nose, distributed training
a: Begin Untransformation, Renounce Religion, Recall Ancestor, Ancestor
Identity, Transference, Idealise


You were in an ice cave.
You worshipped Hepliaklqana.
Hepliaklqana was extremely pleased with you.
You were a hulking beast.
You visited 1 branch of the dungeon, and saw 12 of its levels.
You also visited: Sewer and Ice Cave.

You collected 785 gold pieces.
You spent 432 gold pieces at shops.

Inventory:

Hand Weapons
 u - the +9 hand axe of the Dozen Teeth (weapon) {venom, Stlth+}
   (You found it on level 6 of the Dungeon)

   Stlth+:    It makes you more stealthy.
 G - a +4 war axe of freezing
 K - a +2 dagger of venom
 O - a +4 whip
 P - a +4 trident
Missiles
 b - 14 boomerangs
 l - 44 poisoned darts (quivered)
 x - a curare-tipped dart
Armour
 h - a +0 helmet
 j - a +2 leather armour of fire resistance (worn)
 m - a +0 ring mail
 n - a +0 pair of gloves
 J - a +0 pair of boots
 M - a +0 troll leather armour
Magical Staves
 i - a staff of earth
Jewellery
 k - a +5 ring of evasion (left hand)
 H - an amulet of guardian spirit (around neck)
 N - a ring of flight
Talismans
 c - a beast talisman (active)
 d - a flux talisman
 t - a serpent talisman
Wands
 g - a wand of paralysis (13)
 r - a wand of flame (18)
 Q - a wand of iceblast (7)
Scrolls
 v - 2 scrolls of teleportation
 F - 3 scrolls of vulnerability
 I - a scroll of amnesia
 L - a scroll of blinking
 R - 2 scrolls of fog
 S - a scroll of fear
Potions
 a - 2 potions of curing
 e - 2 potions of enlightenment
 f - 2 potions of ambrosia
 p - 2 potions of might
 q - a potion of attraction
 w - a potion of invisibility
 z - a potion of brilliance
 A - a potion of resistance
 B - a potion of magic
 C - a potion of mutation {unknown}
 T - a potion of heal wounds


   Skills:
 + Level 7.6 Fighting
 + Level 7.1 Short Blades
 + Level 7.1 Long Blades
 + Level 7.1 Axes
 + Level 7.1 Maces & Flails
 + Level 7.1 Polearms
 + Level 7.1 Staves
 + Level 7.1 Ranged Weapons
 + Level 7.1 Throwing
 + Level 7.1 Armour
 + Level 8.6 Dodging
 + Level 7.1 Stealth
 + Level 7.1 Shields
 + Level 9.8 Unarmed Combat
 + Level 7.1 Spellcasting
 + Level 5.9 Conjurations
 + Level 5.9 Hexes
 + Level 5.9 Summonings
 + Level 5.9 Necromancy
 + Level 5.9 Translocations
 + Level 5.9 Transmutations
 + Level 5.9 Fire Magic
 + Level 5.9 Ice Magic
 + Level 5.9 Air Magic
 + Level 5.9 Earth Magic
 + Level 5.9 Poison Magic
 + Level 7.8 Invocations
 + Level 7.1 Evocations
 + Level 9.3 Shapeshifting


You had 20 spell levels left.
You knew the following spells:

 Your Spells              Type           Power      Damage    Failure   Level
a - Foxfire               Conj/Fire      84%        2x1d8     1%          1
b - Petrify               Tmut/Erth      21%        N/A       14%         4

Your spell library contained the following spells:

 Spells                   Type           Power      Damage    Failure   Level
 Slow                     Hex            84%        N/A       1%          1
 Lesser Beckoning         Tloc           42%        N/A       2%          2
 Sublimation of Blood     Necr           21%        N/A       2%          2
 Confusing Touch          Hex            21%        N/A       4%          3
 Gell's Gravitas          Tloc           21%        N/A       4%          3
 Sigil of Binding         Hex            21%        N/A       4%          3
 Teleport Other           Tloc           21%        N/A       4%          3
 Vampiric Draining        Necr           21%        2d7       4%          3
 Animate Dead             Necr           21%        N/A       14%         4
 Cause Fear               Hex            10%        N/A       14%         4
 Fireball                 Conj/Fire      10%        3d6       36%         5
 Irradiate                Conj/Tmut      10%        3d15      36%         5
 Plasma Beam              Fire/Air       10%        2x1d21    91%         6
 Starburst                Conj/Fire      10%        6d5       91%         6
 Haunt                    Necr/Summ      10%        N/A       100%        7
 Infestation              Necr           10%        N/A       100%        8
 Dragon's Call            Summ           10%        N/A       100%        9


Dungeon Overview and Level Annotations

Branches:
Dungeon (12/15)            Temple (0/1) D:7            Lair (0/5) D:8
    Orc (0/2) D:11          Sewer (visited)           IceCv (1/1)

Altars:
Elyvilon
Fedhas
Gozag
Hepliaklqana
Kikubaaqudgha
Makhleb
Nemelex Xobeh
Ru
Sif Muna
Trog
Uskayaw
Xom
Yredelemnul

Shops:
D:7 :   D:8 =   D:10 *

Annotations:
D:1 1 transporter
D:10 2 transporters, relicbr's ghost, journeyman KoFi IceCv exclusion: 2 ice statues


Innate Abilities, Weirdness & Mutations

You are a hulking beast.
Your limbs bulge with bestial killing power. (Slay +4)
Your life essence is reduced to manifest your ancestor. (-10% HP)
You have very sharp teeth.
Your uncanny sense of smell can sniff out nearby items.
Your experience applies equally to all skills.


Message History

Confirm with . or Enter, or press ? or * to list all spells.
You conjure some foxfire!
Casting: Foxfire (safe; 1% risk of failure)
Confirm with . or Enter, or press ? or * to list all spells.
You conjure some foxfire!
The foxfire hits the white ugly thing.
The white ugly thing is moderately wounded.
The foxfire hits the white ugly thing.
The white ugly thing is moderately wounded.
Casting: Foxfire (safe; 1% risk of failure)
Confirm with . or Enter, or press ? or * to list all spells.
You conjure some foxfire!
The foxfire hits the white ugly thing!
The white ugly thing is heavily wounded.
The foxfire hits the white ugly thing.
The white ugly thing is heavily wounded.
Casting: Foxfire (safe; 1% risk of failure)
Confirm with . or Enter, or press ? or * to list all spells.
You conjure some foxfire!
The foxfire hits the white ugly thing.
The white ugly thing is heavily wounded.
The foxfire hits the white ugly thing.
The white ugly thing is heavily wounded.
The white ugly thing completely misses you.
You slash the white ugly thing!
You bite the white ugly thing, but do no damage.
The white ugly thing is severely wounded.
You hit the cane toad simulacrum.
The foxfire hits the white ugly thing but does no damage.
The white ugly thing is severely wounded.
The foxfire hits the white ugly thing but does no damage.
The white ugly thing is severely wounded.
The white ugly thing tail-slaps you! The white ugly thing freezes you!!
The cane toad simulacrum completely misses you.
Casting: Foxfire (safe; 1% risk of failure)
Confirm with . or Enter, or press ? or * to list all spells.
You conjure some foxfire!
The white ugly thing tail-slaps you! The white ugly thing freezes you!!
* * * LOW HITPOINT WARNING * * *
The cane toad simulacrum hits you.
* * * LOW HITPOINT WARNING * * *
The cane toad simulacrum freezes you!
You die...

####### ####### 8
#)$$..## ##.....# ...
#$.....###....§.#
.....#....Z.v#.......#
.........Zuhv...∩..∩.#
.....#.......#.......#
... #(.....###......#
8 #?[$..## ##.....#
####### #######


You could see a white ugly thing (ally target), a death yak simulacrum and a
cane toad simulacrum (ally target).

Vanquished Creatures
  4 two-headed ogres
  3 cyclopes
  2 manticores
  4 trolls
  A polar bear (shapeshifter) (D:11)
  A hornet (D:8)
  Sigmund (D:3)
  A shadow (D:9)
  2 vampires
  5 yaks (D:10)
  A death yak simulacrum (IceCv)
  2 water moccasins
  A sky beast (D:7)
  A black bear (D:4)
  5 ice beasts
  An orc warrior (D:11)
  An ogre (D:4)
  A wolf (D:8)
  2 centaurs
  A phantom (D:4)
  2 kobold brigands
  3 bullfrogs
  A cane toad simulacrum (IceCv)
  2 scorpions
  6 wights
  2 killer bees (D:9)
  6 howler monkeys
  A jelly (D:6)
  7 orc priests
  2 sleepcaps
  2 iguanas
  6 orc wizards
  5 gnolls
  15 adders
  2 river rats
  13 white imps
  4 worms
  2 dart slugs
  31 orcs
  4 bats
  6 endoplasms
  7 giant cockroaches
  3 goblins
  4 hobgoblins
  8 jackals
  3 quokkas
  7 ball pythons
  5 frilled lizards
  7 kobolds
  8 rats
214 creatures vanquished.

Vanquished Creatures (collateral kills)
  A centaur warrior (D:11)
  A rime drake (D:8)
  A komodo dragon (D:10)
  A polar bear (D:8)
  A hornet (D:9)
  Grinder (D:6)
  A shadow (D:9)
  6 yaks
  Edmund (D:6)
  4 ice beasts
  A sky beast (D:6)
  A centaur (D:9)
  2 kobold brigands
  4 wights
  3 killer bees (D:9)
  A howler monkey (D:5)
  A hound (D:5)
  A sleepcap (D:7)
  2 iguanas (D:7)
  2 orc wizards
  Ijyb (D:3)
  A wolf simulacrum (IceCv)
  A gnoll (D:4)
  3 adders
  4 river rats (Sewer)
  2 ufetubi
  A worm (D:6)
  6 orcs
  A giant cockroach (D:4)
  2 goblins (D:4)
  2 jackals
  2 ball pythons (Sewer)
  2 bats (D:2)
  3 kobolds
  A rat (D:6)
68 creatures vanquished.

Vanquished Creatures (others)
  9 battlemagi
  An ancestor (D:4)
  221 foxfires
231 creatures vanquished.

Grand Total: 513 creatures vanquished

Notes
Turn   | Place    | Note
-------+----------+-------------------------------------------
     0 | D:1      | croobank the Gnoll Shapeshifter began the quest for the
                  | Orb.
     0 | D:1      | Reached XP level 1. HP: 17/17 MP: 1/1
   108 | D:1      | Reached XP level 2. HP: 20/23 MP: 2/2
   576 | D:1      | Found a faded altar of an unknown god.
   578 | D:1      | Prayed at the altar of an unknown god.
   578 | D:1      | Became a worshipper of Hepliaklqana the Forgotten
   578 | D:1      | Reached * piety under Hepliaklqana
   739 | D:2      | Reached XP level 3. HP: 20/25 MP: 3/3
   826 | D:2      | Reached skill level 1 in Invocations
   920 | D:2      | Reached skill level 1 in Short Blades
   920 | D:2      | Reached skill level 1 in Long Blades
   920 | D:2      | Reached skill level 1 in Axes
   920 | D:2      | Reached skill level 1 in Maces & Flails
   920 | D:2      | Reached skill level 1 in Polearms
   920 | D:2      | Reached skill level 1 in Staves
   920 | D:2      | Reached skill level 1 in Ranged Weapons
   920 | D:2      | Reached skill level 1 in Throwing
   920 | D:2      | Reached skill level 1 in Armour
   920 | D:2      | Reached skill level 1 in Stealth
   920 | D:2      | Reached skill level 1 in Shields
   920 | D:2      | Reached skill level 1 in Spellcasting
   920 | D:2      | Reached skill level 1 in Evocations
   979 | D:2      | Reached XP level 4. HP: 24/30 MP: 5/5
  1110 | D:2      | Reached skill level 1 in Conjurations
  1110 | D:2      | Reached skill level 1 in Hexes
  1110 | D:2      | Reached skill level 1 in Summonings
  1110 | D:2      | Reached skill level 1 in Necromancy
  1110 | D:2      | Reached skill level 1 in Translocations
  1110 | D:2      | Reached skill level 1 in Transmutations
  1110 | D:2      | Reached skill level 1 in Fire Magic
  1110 | D:2      | Reached skill level 1 in Ice Magic
  1110 | D:2      | Reached skill level 1 in Air Magic
  1110 | D:2      | Reached skill level 1 in Earth Magic
  1110 | D:2      | Reached skill level 1 in Poison Magic
  1277 | D:3      | Found a blossoming altar of Fedhas.
  1378 | D:3      | Noticed Sigmund
  1388 | D:3      | Killed Sigmund
  1389 | D:3      | Reached XP level 5. HP: 28/36 MP: 5/7
  1389 | D:3      | Reached XP level 6. HP: 33/42 MP: 5/8
  1587 | D:3      | Noticed Ijyb
  1593 | D:3      | Killed Ijyb
  1594 | D:3      | Reached skill level 5 in Dodging
  1679 | D:3      | Found a basalt altar of Yredelemnul.
  1809 | D:3      | Found a hide-covered altar of Uskayaw.
  2167 | D:4      | Noticed a black bear
  2178 | D:4      | Killed a black bear
  2192 | D:4      | Reached XP level 7. HP: 19/46 MP: 10/10
  2346 | D:4      | Reached ** piety under Hepliaklqana
  2347 | D:4      | Remembered your ancestor Zada as a battlemage
  2912 | D:5      | Entered Level 5 of the Dungeon
  2920 | D:5      | Found a shimmering blue altar of Sif Muna.
  2926 | D:5      | Found a burning altar of Makhleb.
  2926 | D:5      | Found a white marble altar of Elyvilon.
  2927 | D:5      | Found a sacrificial altar of Ru.
  3584 | D:5      | Reached XP level 8. HP: 42/54 MP: 12/12
  4279 | D:6      | Identified the +9 hand axe of the Dozen Teeth {venom,
                  | Stlth+}
  4484 | D:6      | Found a glowing drain.
  4491 | Sewer    | Entered a sewer
  4580 | Sewer    | Reached *** piety under Hepliaklqana
  5186 | D:6      | Noticed Edmund
  5195 | D:6      | Killed Edmund
  5196 | D:6      | Reached XP level 9. HP: 50/59 MP: 14/14
  5238 | D:6      | Noticed Grinder
  5243 | D:6      | Paralysed by Grinder for 3 turns
  5260 | D:6      | Killed Grinder
  5612 | D:7      | Reached skill level 5 in Fighting
  5711 | D:7      | Found a staircase to the Ecumenical Temple.
  5872 | D:7      | Noticed a walking earthen tome
  5873 | D:7      | Found Okluobuf's Book Shoppe.
  5873 | D:7      | Noticed a walking divine tome
  6012 | D:7      | Noticed a two-headed ogre
  6019 | D:7      | Killed a two-headed ogre
  6020 | D:7      | Reached skill level 5 in Invocations
  6427 | D:7      | Found a sparkling altar of Nemelex Xobeh.
  6432 | D:7      | Found an opulent altar of Gozag.
  6438 | D:7      | Reached XP level 10. HP: 59/67 MP: 17/17
  6463 | D:7      | Found a bloodstained altar of Trog.
  6540 | D:8      | Found a staircase to the Lair.
  6546 | D:8      | Reached skill level 5 in Short Blades
  6546 | D:8      | Reached skill level 5 in Long Blades
  6546 | D:8      | Reached skill level 5 in Axes
  6546 | D:8      | Reached skill level 5 in Maces & Flails
  6546 | D:8      | Reached skill level 5 in Polearms
  6546 | D:8      | Reached skill level 5 in Staves
  6546 | D:8      | Reached skill level 5 in Ranged Weapons
  6546 | D:8      | Reached skill level 5 in Throwing
  6546 | D:8      | Reached skill level 5 in Armour
  6546 | D:8      | Reached skill level 5 in Stealth
  6546 | D:8      | Reached skill level 5 in Shields
  6546 | D:8      | Reached skill level 5 in Spellcasting
  6546 | D:8      | Reached skill level 5 in Evocations
  6549 | D:8      | Paralysed by a hornet for 2 turns
  7184 | D:8      | Noticed a two-headed ogre
  7194 | D:8      | HP: 3/68 [two-headed ogre/+0 dire flail (11)]
  7196 | D:8      | Killed a two-headed ogre
  7784 | D:8      | Found Safap's Jewellery Boutique.
  7790 | D:8      | Bought a +5 ring of evasion for 432 gold pieces
  8075 | D:9      | Reached **** piety under Hepliaklqana
  8219 | D:9      | Learned a level 1 spell: Foxfire
  8249 | D:9      | Reached XP level 11. HP: 74/74 MP: 19/19
  8353 | D:9      | Noticed a manticore
  8365 | D:9      | Killed a manticore
  8366 | D:9      | Reached skill level 5 in Conjurations
  8366 | D:9      | Reached skill level 5 in Hexes
  8366 | D:9      | Reached skill level 5 in Summonings
  8366 | D:9      | Reached skill level 5 in Necromancy
  8366 | D:9      | Reached skill level 5 in Translocations
  8366 | D:9      | Reached skill level 5 in Transmutations
  8366 | D:9      | Reached skill level 5 in Fire Magic
  8366 | D:9      | Reached skill level 5 in Ice Magic
  8366 | D:9      | Reached skill level 5 in Air Magic
  8366 | D:9      | Reached skill level 5 in Earth Magic
  8366 | D:9      | Reached skill level 5 in Poison Magic
  8522 | D:9      | Paralysed by a hornet for 2 turns
  9034 | D:9      | Noticed a cyclops
  9043 | D:9      | Killed a cyclops
  9222 | D:9      | Found an ancient bone altar of Kikubaaqudgha.
  9317 | D:10     | Entered Level 10 of the Dungeon
  9335 | D:10     | Found a shimmering altar of Xom.
  9506 | D:10     | Found a transporter.
  9509 | D:10     | Noticed an ogre mage
  9510 | D:10     | Noticed relicbr's ghost (journeyman KoFi)
  9515 | D:10     | Noticed a yaktaur captain
  9658 | D:10     | Found a transporter.
  9958 | D:10     | Found Ifuar's CLEARANCE SALE!.
 10112 | D:10     | Reached ***** piety under Hepliaklqana
 10184 | D:11     | Found a staircase to the Orcish Mines.
 10202 | D:11     | Identified the +9 quarterstaff "Luech" {freeze, rF+ Int+2}
 10292 | D:11     | Noticed a cyclops
 10310 | D:11     | Killed a cyclops
 10541 | D:11     | Noticed a two-headed ogre
 10550 | D:11     | Killed a two-headed ogre
 10623 | D:11     | Noticed a cyclops
 10640 | D:11     | Killed a cyclops
 10852 | D:11     | Noticed a centaur warrior
 10861 | D:11     | Killed a centaur warrior
 10984 | D:11     | Learned a level 4 spell: Petrify
 11001 | D:11     | Reached XP level 12. HP: 63/81 MP: 17/22
 11344 | D:12     | Noticed a two-headed ogre
 11356 | D:12     | Killed a two-headed ogre
 11429 | D:12     | Found a frozen archway.
 11508 | IceCv    | Entered an ice cave
 11692 | IceCv    | Slain by a cane toad simulacrum

Illustrated notes

Levels and vault maps discovered:
D:1:      spicycebolla_arrival_transporter_tutorial, layout_loops_ring,
          chequers_ecumenical_altar_twisty
D:2:      layout_basic
D:3:      layout_basic, amcnicky_altar_gilded, mainiacjoe_overflow_paths,
          mainiacjoe_overflow_tiny_flanked, uniq_ijyb, uniq_sigmund
D:4:      layout_cave_pools, minivault_27, minmay_tree_intersection
D:5:      layout_rooms, grunt_temple_overflow_open, minmay_misc_feat_nine_boxes,
          nicolae_half_adder
D:6:      layout_cave_pools, lightli_sewer_entry_pipes, uniq_grinder,
          uniq_edmund
D:7:      layout_basic, minmay_overflow_temple_star_quad,
          minmay_temple_entry_slanted, serial_shops, nicolae_shop_mannequins
D:8:      layout_loops_ring, hellmonk_lair_entry_icy, serial_shops,
          nicolae_shop_gaudy_bauble, grunt_decor_clamped,
          chequers_serial_rivers_room_a, minmay_gold_behind_fungi
D:9:      layout_gridville, marbit_many_paths, minmay_misc_feat_columns,
          minmay_sticks_and_stones
D:10:     layout_long_grid, xom_teletrap_fun, gammafunk_ghost_arena,
          chequers_serial_rivers_small_a, nicolae_shop_clearance
D:11:     layout_long_grid, orc_0_dummy
D:12:     layout_rooms, portal_ice_cave_entry_imps,
          nicolae_wu_jian_glorious_leap
IceCv:    ice_cave_statue_garden_chambered

Skill      XL: |  1  2  3  4  5  6  7  8  9 10 11 12 |
---------------+-------------------------------------+-----
Invocations    | 1 2 3 4 5 6 7 |  7.8
Short Blades   | 1 2 3 4 5 6 7 |  7.1
Long Blades    | 1 2 3 4 5 6 7 |  7.1
Axes           | 1 2 3 4 5 6 7 |  7.1
Maces & Flails | 1 2 3 4 5 6 7 |  7.1
Polearms       | 1 2 3 4 5 6 7 |  7.1
Staves         | 1 2 3 4 5 6 7 |  7.1
Ranged Weapons | 1 2 3 4 5 6 7 |  7.1
Throwing       | 1 2 3 4 5 6 7 |  7.1
Armour         | 1 2 3 4 5 6 7 |  7.1
Stealth        | 1 2 3 4 5 6 7 |  7.1
Shields        | 1 2 3 4 5 6 7 |  7.1
Spellcasting   | 1 2 3 4 5 6 7 |  7.1
Evocations     | 1 2 3 4 5 6 7 |  7.1
Conjurations   | 1 2 3 4 5 |  5.9
Hexes          | 1 2 3 4 5 |  5.9
Summonings     | 1 2 3 4 5 |  5.9
Necromancy     | 1 2 3 4 5 |  5.9
Translocations | 1 2 3 4 5 |  5.9
Transmutations | 1 2 3 4 5 |  5.9
Fire Magic     | 1 2 3 4 5 |  5.9
Ice Magic      | 1 2 3 4 5 |  5.9
Air Magic      | 1 2 3 4 5 |  5.9
Earth Magic    | 1 2 3 4 5 |  5.9
Poison Magic   | 1 2 3 4 5 |  5.9
Fighting       | 3 4 5 6 7 |  7.6
Dodging        | 5 6 7 8 |  8.6
Unarmed Combat | 7 8 9 |  9.8
Shapeshifting  | 7 8 9 |  9.3

Action                     |  1- 3 |  4- 6 |  7- 9 | 10-12 || total
---------------------------+-------+-------+-------+-------++-------
  Melee: Unarmed           |    62 |    60 |    68 |       ||   190
         Punch             |     5 |     4 |     5 |     6 ||    20
         Bite              |     3 |    10 |    20 |    26 ||    59
         Hand axe          |       |       |   129 |   156 ||   285
  Throw: Dart              |       |     3 |     2 |       ||     5
   Cast: Foxfire           |       |       |       |   127 ||   127
 Invoke: Ancestor Life: Ba |       |       |     1 |       ||     1
    Use: Scroll            |       |     4 |    12 |     8 ||    24
         Potion            |       |     2 |       |     4 ||     6
   Stab: Sleeping          |       |     4 |     4 |     5 ||    13
         Distracted        |       |       |     2 |     3 ||     5
 Armour: Animal skin       |     8 |       |       |       ||     8
         Leather armour    |    33 |    18 |    73 |   120 ||   244
         Skin              |       |     3 |       |       ||     3
  Dodge: Dodged            |    56 |    24 |   130 |   132 ||   342

Table legend: (Time is in decaauts)
 A = Elapsed time spent in this place.
 B = Non-inter-level travel time spent in this place.
 C = Inter-level travel time spent in this place.
 D = Time resting spent in this place.
 E = Time spent auto-exploring this place.
 F = Levels seen in this place.
 G = Mean time per level.
                   A        B        C        D        E       F      G
               +--------+--------+--------+--------+--------+-----+--------+
         Total |  11847 |  11381 |    466 |   2191 |   6963 |  14 |  846.2 |
       Dungeon |  10882 |  10416 |    466 |   1985 |   6494 |  12 |  906.8 |
         Sewer |    781 |    781 |      0 |     68 |    468 |   1 |  781.0 |
      Ice Cave |    183 |    183 |      0 |    138 |      0 |   1 |  183.0 |
               +--------+--------+--------+--------+--------+-----+--------+

Top non-repeatable levels by time:
     D:8: 1295 daAuts
     D:7: 1288 daAuts
     D:5: 1247 daAuts
     D:9: 1246 daAuts
    D:11: 1158 daAuts
     D:3: 889 daAuts
    D:10: 868 daAuts
   Sewer: 781 daAuts
     D:4: 740 daAuts
     D:6: 719 daAuts
     D:1: 663 daAuts
     D:2: 600 daAuts
   IceCv: 183 daAuts
    D:12: 164 daAuts
